 Dungeon Crawl Stone Soup version 0.30-a0-862-g1aabd4f9c5 (webtiles) character file.

Game seed: 18243622199002926238

1194 someone473 the Thaumaturge (level 8, -2/42 HPs)
             Began as a Deep Elf Necromancer on Mar 10, 2023.
             Succumbed to a killer bee's poison
             ... on level 6 of the Dungeon.
             The game lasted 01:02:49 (4910 turns).

someone473 the Thaumaturge (Deep Elf Necromancer)   Turns: 4910, Time: 01:02:53

Health: -2/42      AC:  9    Str:  5    XL:     8   Next: 20%
Magic:  10/23      EV: 12    Int: 23    God:
Gold:   326        SH:  0    Dex: 15    Spells: 17/25 levels left

rFire   + . .      SeeInvis +    z - +3 whip (flame)
rCold   + . .      Faith    .    (no shield)
rNeg    . . .      Spirit   .    e - +0 leather armour
rPois   .          Reflect  .    A - +0 helmet
rElec   .          Rampage  .    o - scarf {rC+ rF+}
rCorr   .                        F - +0 pair of gloves
Will    .....                    (no boots)
Stlth   ++                       (no amulet)
HPRegen 0.27/turn                p - +4 ring of protection
MPRegen 0.18/turn                N - ring of see invisible

@: lethally poisoned (-2 -> -14)
A: no striking features
a: no special abilities


You were on level 6 of the Dungeon.
You visited 1 branch of the dungeon, and saw 7 of its levels.

You collected 326 gold pieces.

Inventory:

Hand Weapons
 b - a +1 dagger of draining
 d - a +0 mace
 f - a +0 sling
 g - a +0 club
 h - a +0 dagger
 k - a +0 short sword
 q - a +0 short sword
 z - a +3 whip of flaming (weapon)
 E - a +2 whip of freezing
Missiles
 c - 4 poisoned darts
 j - 54 stones
 w - 6 boomerangs
Armour
 a - a +0 robe
 e - a +0 leather armour (worn)
 l - a +0 plate armour
 o - a scarf of resistance (worn)
 A - a +0 helmet (worn)
 F - a +0 pair of gloves (worn)
 K - a scarf of harm
Jewellery
 p - a +4 ring of protection (left hand)
 L - a ring of willpower
 N - a ring of see invisible (right hand)
Wands
 s - a wand of charming (17)
 H - a wand of digging (8)
 I - a wand of polymorph (5)
 M - a wand of light (9)
Scrolls
 t - a scroll of enchant weapon
 u - 2 scrolls of fog
 v - a scroll of immolation
 x - 2 scrolls of butterflies
 y - a scroll of noise
 B - a scroll of vulnerability {unknown}
 G - a scroll of teleportation {unknown}
Potions
 i - 4 potions of resistance
 m - 3 potions of haste
 n - 2 potions of invisibility
 r - 4 potions of curing
 C - 3 potions of might
 D - a potion of ambrosia
 J - a potion of degeneration {unknown}


   Skills:
 + Level 0.5 Fighting
 + Level 1.1 Maces & Flails
 + Level 0.5 Ranged Weapons
 + Level 1.7 Armour
 + Level 3.0 Dodging
 + Level 3.0 Stealth
 + Level 9.0 Spellcasting
 + Level 8.7 Necromancy
 + Level 0.2 Invocations


You had 17 spell levels left.
You knew the following spells:

 Your Spells              Type           Power      Damage    Failure   Level
a - Necrotise             Necr           100%       1d9       1%          1
b - Animate Dead          Necr           50%        N/A       2%          4
c - Vampiric Draining     Necr           50%        2d9       1%          3

Your spell library contained the following spells:

 Spells                   Type           Power      Damage    Failure   Level
 Agony                    Necr           50%        N/A       8%          5
 Shock                    Conj/Air       40%        1d5       10%         1
 Slow                     Hex            40%        N/A       10%         1
 Lesser Beckoning         Tloc           20%        N/A       16%         2
 Confusing Touch          Hex            10%        N/A       30%         3
 Gell's Gravitas          Tloc           10%        N/A       30%         3
 Swiftness                Air            10%        N/A       30%         3
 Teleport Other           Tloc           10%        N/A       30%         3
 Airstrike                Air            5%         2d(1-17)  69%         4


Dungeon Overview and Level Annotations

Branches:
Dungeon (7/15)
 Temple: D:4-7

Altars:
Elyvilon
Ru

Shops:
D:3 (


Message History

Aiming: Necrotise (safe; 1% risk of failure)
Press: ? - help, Shift-Dir - straight line, f/p - killer bee
Aim: a killer bee (heavily wounded, chance to affect: 88%)
The killer bee writhes in agony.
The killer bee barely misses you.
The killer bee stings you but does no damage.
Casting: Necrotise (safe; 1% risk of failure)
Confirm with . or Enter, or press ? or * to list all spells.
Aiming: Necrotise (safe; 1% risk of failure)
Press: ? - help, Shift-Dir - straight line, f/p - killer bee
Aim: a killer bee (severely wounded, chance to affect: 88%)
The killer bee writhes in agony.
The killer bee stings you but does no damage.
The killer bee stings you.
* * * LOW HITPOINT WARNING * * *
You are poisoned.
The killer bee poisons you!
Casting: Necrotise (safe; 1% risk of failure)
Confirm with . or Enter, or press ? or * to list all spells.
Aiming: Necrotise (safe; 1% risk of failure)
Press: ? - help, Shift-Dir - straight line, f/p - killer bee
Aim: a killer bee (almost dead, chance to affect: 88%)
The killer bee writhes in agony.
You kill the killer bee!
You feel sick.
The killer bee stings you but does no damage.
You feel sick.
The killer bee stings you but does no damage.
You feel sick. The killer bee stings you.
* * * LOW HITPOINT WARNING * * *
You are lethally poisoned!
The killer bee poisons you!
There is a stone staircase leading up here.
* * * LOW HITPOINT WARNING * * *
You feel very sick. The killer bee closely misses you.
The killer bee stings you.
* * * LOW HITPOINT WARNING * * *
You are more poisoned.
The killer bee poisons you!
You climb upwards.
You die...

#.#...............#..##..##.##...
#.#<)..##............##..#..###..
...)...##...............##.## #..
....)...#^..............#...###..
#.#.............................#
#.#........>.....................
#.#.......)......................
#.#..............#.#........#####
#.#.#..........<@....)......#
#.#.#..........y.........>..#
#.#.........................##
#.#.....................#....##
#............................[#
#.......................#...#.###
#...........................#....
#...................#.##....##...
#.....................###...##...


You could see a killer bee.

Vanquished Creatures
  An orc warrior (D:6)
  A bullfrog (D:6)
  2 scorpions
  3 killer bees (D:7)
  A howler monkey (D:6)
  A gnoll bouda (D:6)
  4 orc priests
  A hound (D:5)
  3 jellies
  8 orc wizards (D:5)
  Robin (D:3)
  4 gnolls (D:6)
  6 adders
  An ufetubus (D:6)
  4 worms
  A dart slug (D:3)
  17 orcs
  12 endoplasms
  4 giant cockroaches
  20 goblins
  10 hobgoblins
  6 quokkas
  6 ball pythons
  9 bats
  3 frilled lizards
  12 kobolds
  5 rats
146 creatures vanquished.

Vanquished Creatures (collateral kills)
  A gnoll (D:6)
  A worm (D:6)
  2 orcs (D:5)
  4 goblins
  A frilled lizard (D:3)
  2 kobolds
11 creatures vanquished.

Vanquished Creatures (others)
  7 plants
7 creatures vanquished.

Grand Total: 164 creatures vanquished

Notes
Turn   | Place    | Note
-------+----------+-------------------------------------------
     0 | D:1      | someone473 the Deep Elf Necromancer began the quest for the
                  | Orb.
     0 | D:1      | Reached XP level 1. HP: 10/10 MP: 6/6
   121 | D:1      | Reached skill level 5 in Necromancy
   394 | D:1      | Reached XP level 2. HP: 13/15 MP: 8/8
   952 | D:2      | Reached XP level 3. HP: 19/19 MP: 7/9
  1466 | D:2      | Reached skill level 4 in Spellcasting
  1545 | D:3      | Noticed Robin
  1558 | D:3      | Reached XP level 4. HP: 24/24 MP: 6/12
  1594 | D:3      | Killed Robin
  1990 | D:3      | Found Vyeraotz's Weapon Shoppe.
  2275 | D:3      | Found a faded altar of an unknown god.
  2296 | D:3      | Prayed at the altar of an unknown god.
  2296 | D:3      | Became a worshipper of Ru the Awakened
  2348 | D:3      | Fell from the grace of Ru
  2517 | D:4      | Reached XP level 5. HP: 28/28 MP: 9/14
  2524 | D:4      | Reached skill level 5 in Spellcasting
  2573 | D:4      | Found a white marble altar of Elyvilon.
  2582 | D:4      | Became a worshipper of Elyvilon the Healer
  2624 | D:4      | Fell from the grace of Elyvilon
  2703 | D:4      | Reached skill level 1 in Armour
  3148 | D:5      | Entered Level 5 of the Dungeon
  3189 | D:5      | Reached XP level 6. HP: 32/32 MP: 11/16
  3197 | D:5      | Reached skill level 6 in Spellcasting
  3462 | D:5      | Learned a level 4 spell: Animate Dead
  3466 | D:5      | Learned a level 3 spell: Vampiric Draining
  3553 | D:5      | Reached skill level 1 in Maces & Flails
  3767 | D:5      | Reached XP level 7. HP: 34/34 MP: 14/19
  3839 | D:5      | Reached skill level 7 in Spellcasting
  3881 | D:5      | HP: 1/36 [orc priest/divine providence (12)]
  4317 | D:6      | Reached skill level 8 in Spellcasting
  4600 | D:6      | Reached XP level 8. HP: 21/41 MP: 10/22
  4714 | D:6      | Reached skill level 9 in Spellcasting
  4909 | D:7      | HP: 2/42 [killer bee (1)]
  4910 | D:6      | Succumbed to a killer bee's poison

Illustrated notes

Levels and vault maps discovered:
D:1:      lightli_arrival_windingriver, layout_loops_ring
D:2:      layout_loops_cross
D:3:      layout_basic, basic_ecumenical_altar, serial_shops, shop,
          kennysheep_doodads, small_statue_alley_b, nicolae_wormholes,
          uniq_robin
D:4:      layout_layer_cave, kennysheep_ying_yang
D:5:      corexii_shack_village, layout_rooms,
          minmay_a_box_with_orc_wizards_in_it
D:6:      layout_rooms, serial_bayou_crossing
D:7:      layout_loops_ring, temple_green

Skill      XL: |  1  2  3  4  5  6  7  8 |
---------------+-------------------------+-----
Necromancy     | 5 6 7 8 |  8.7
Spellcasting   | 4 5 6 8 9 |  9.0
Armour         | 1 |  1.7
Maces & Flails | 1 |  1.1
Stealth        | 3 |  3.0
Dodging        | 3 |  3.0
Fighting       | |  0.5
Ranged Weapons | |  0.5
Invocations    | |  0.2

Action                     |  1- 3 |  4- 6 |  7- 9 || total
---------------------------+-------+-------+-------++-------
  Melee: Unarmed           |    17 |       |       ||    17
         Mace              |    16 |       |       ||    16
         Whip              |       |    29 |     5 ||    34
   Fire: Sling             |    15 |     1 |       ||    16
   Cast: Necrotise         |    68 |   120 |   110 ||   298
         Vampiric Draining |       |       |     5 ||     5
 Invoke: Renounce Religion |       |     2 |       ||     2
    Use: Scroll            |     4 |     4 |     3 ||    11
         Potion            |       |     1 |     1 ||     2
   Stab: Sleeping          |     1 |     1 |       ||     2
 Armour: Robe              |    22 |       |       ||    22
         Leather armour    |    20 |    85 |    40 ||   145
         Plate armour      |    18 |       |       ||    18
  Dodge: Dodged            |    58 |    55 |    88 ||   201

Table legend: (Time is in decaauts)
 A = Elapsed time spent in this place.
 B = Non-inter-level travel time spent in this place.
 C = Inter-level travel time spent in this place.
 D = Time resting spent in this place.
 E = Time spent auto-exploring this place.
 F = Levels seen in this place.
 G = Mean time per level.
                   A        B        C        D        E       F      G
               +--------+--------+--------+--------+--------+-----+--------+
         Total |   4943 |   1782 |   3161 |    536 |      3 |   7 |  706.1 |
       Dungeon |   4943 |   1782 |   3161 |    536 |      3 |   7 |  706.1 |
               +--------+--------+--------+--------+--------+-----+--------+

Top non-repeatable levels by time:
     D:5: 1164 daAuts
     D:1: 969 daAuts
     D:4: 796 daAuts
     D:2: 716 daAuts
     D:3: 693 daAuts
     D:6: 578 daAuts
     D:7: 25 daAuts
